Unix NetHack Version 5.0.0-0 post-release - last build Jun 10 2026 00:39:30 (3ee93aec679c4c4259841fe613dc97188e26a321,branch:main).

Game began 2026-06-15 18:26:11, ended 2026-06-15 18:36:35.

CyberFan, neutral male human Tourist

            ----                                      ---         ----
          ---..|                                     --.--        |..|
          |....|           ----      ---             |...--       |..|
          |....--      --- |..-- -----.----         --....|  ---  |..|
          ---...--   ---.---...|--........--        |..--.|---.|  --.|
      ---   |-...|   |.........|...........|        |..||.||...|   |.---
    ---.-- --....-- --..G.GG.....-----.--..|        --.||.||...--  |...-----
  ---....---......| |.....).....---- -------        --.||.|-....|  |.......|
  |...............---....f@)......G----             |..||.|.....----.......|
  |..........---...G.......G........|.--            |..-|.|-.|.............---
  --.........| |...........)...........|         ----...|.|-----.............|
   |-........----.....................--         |......|.|    --............--
   |..........---....................-|      --- --...|.|.|     |.............|
   --.................................----- --.-- ----|.|.|     --.|.........--
    |-.....--------..----........|.....--.---...-------.|.|      --|......|..--
    |.....--      |..| -->..--...|----..................|.--     ---..-----...|
    |.....|       ---- |...--|...|  ---.(..|....--------|..--   --.....| |...--
    --....|            |...| --.--  |....--------       |-..-----.....----...|
     --.---            -----  ---   |...--              |.............| |....|
      ---                           -----               --.------------ --.---
                                                         ---             ---
CyberFan the Sightseer      St:13 Dx:10 Co:16 In:12 Wi:8 Ch:18  Neutral
Dlvl:5  $:502 HP:0(34) Pw:14(14) AC:2  Xp:4/107 T:1438 

Latest messages:
 You descend the stairs.
 You climb up the stairs.
 You kill the hobgoblin!
 R - a scroll labeled LEP GEX VEN ZEA.
 You see here an iron skull cap.
 What do you want to remove? [*]
 You finish taking off your helm.
 What do you want to wear? [tP or ?*]
 You finish your dressing maneuver.
 What do you want to wear? [P or ?*]
 Your kitten steps reluctantly onto an iron skull cap.
 You finish your dressing maneuver.
 What do you want to drop? [$acfgk-pt-zA-HK-R or ?*]
 You drop a hooded cloak.
 You hear crashing rock.
 The gnome lord picks up an iron skull cap.
 You stop waiting.
 You descend the stairs.
 The kitten bites the gnome.
 The gnome is killed!
 The gnome wields a thonged club!
 The gnome secures the tether on the thonged club.
 The gnome wields a bow!
 In what direction?
 The dart hits the gnome.
 The kitten misses the gnome.
 The kitten misses the gnome.
 In what direction?
 You kill the gnome!
 Your kitten eats a gnome corpse.
 The gnome shoots an arrow!
 An arrow misses you.
 What do you want to read? [kuBDR or ?*]
 As you read the scroll, it disappears.
 A map coalesces in your mind!
 In what direction?
 The dart hits the gnome lord!
 The gnome picks up 2 gems.
 The gnome throws a dagger!
 A dagger misses you.
 In what direction?
 The dart hits the gnome lord.
 The gnome lord hits!
 You hit the gnome lord!
 The gnome lord hits!
 The gnome lord picks up a gem.
 The gnome lord hits!
 The gnome throws a dagger!
 You are hit by a dagger.
 You die...

Inventory:
 Coins    ('$')
  $ - 502 gold pieces
 Weapons  (')')
  a - 29 uncursed +2 darts (at the ready)
  A - an uncursed +2 long sword (weapon in right hand)
 Armor    ('[')
  t - an uncursed +0 orcish helm (being worn)
  P - an uncursed +0 pair of iron shoes (being worn)
  z - an uncursed +0 robe (being worn)
  l - an uncursed +0 Hawaiian shirt with a hibiscus flower motif (being worn)
  y - an uncursed +0 ring mail (being worn)
 Comestibles  ('%')
  c - 2 uncursed jackfruits
  g - 2 uncursed bananas
  f - 2 uncursed cram rations
  N - an uncursed fortune cookie
 Scrolls  ('?')
  R - an uncursed scroll of amnesia
  u - an uncursed scroll of destroy armor
  D - 2 uncursed scrolls of enchant weapon
  k - 2 uncursed scrolls of magic mapping
  B - an uncursed scroll of remove curse
 Potions  ('!')
  M - an uncursed potion of gain ability
  H - an uncursed potion of gain energy
  K - 2 uncursed potions of healing
  E - a cursed potion of healing
  v - an uncursed potion of paralysis
 Rings    ('=')
  L - an uncursed ring of see invisible
 Wands    ('/')
  x - an uncursed wand of cancellation (0:5)
  C - a cursed wand of create monster (0:12)
  p - an uncursed wand of lightning (0:5)
 Tools    ('(')
  n - an uncursed credit card
  m - an uncursed expensive camera (0:95)
  o - an uncursed magic marker (0:21)
  F - an uncursed magic whistle
 Gems/Stones  ('*')
  w - an uncursed worthless piece of red glass
  O - an uncursed worthless piece of white glass
  G - 2 uncursed worthless pieces of yellowish brown glass

CyberFan the Tourist's attributes:

Background:
 You were a Sightseer, a level 4 male human Tourist.
 You were neutral, nominally on a mission for The Lady
 who was opposed by Blind Io (lawful) and Offler (chaotic).
 You were right-handed.
 You were in the Gnomish Mines, on level 5.
 You entered the dungeon 1438 turns ago.
 There was a new moon in effect when your adventure ended.
 You had 107 experience points, 53 more were needed to attain level 5.

Basics:
 You had 0 out of 34 hit points.
 You had all 14 energy points (spell power).
 Your armor class was 2.
 Your wallet contained 502 zorkmids.
 Autopickup was on for '$%?!"=/*' plus thrown, with exceptions.

Final Characteristics:
 Your strength was 13 (limit:18/100).
 Your dexterity was 10 (limit:18).
 Your constitution was 16 (limit:18).
 Your intelligence was 12 (limit:18).
 Your wisdom was 8 (limit:18).
 Your charisma was 18 (limit:18).

Final Status:
 You weren't hungry.
 You were unencumbered.
 You were wielding a long sword.
 You were unskilled in long sword.

Final Attributes:
 You were devoutly aligned.
 You were guarded.
 You are dead.

Miscellaneous:
 You disabled loading and storing of bones levels.
 Total elapsed playing time was 10 minutes and 24 seconds.

Major events:
 Turn
    1: CyberFan the neutral male human Tourist entered the dungeon
  900: entered the Gnomish Mines
 1028: attained the rank of Sightseer (level 3)
 1438: killed by a dagger

You didn't know any spells.

Skills:
 Fighting Skills
   bare handed combat [Unskilled]
   two weapon combat  [Unskilled]
   riding             [Unskilled]
 Weapon Skills
   dagger             [Unskilled]
   knife              [Unskilled]
   axe                [Unskilled]
   pick-axe           [Unskilled]
   short sword        [Unskilled]
   broadsword         [Unskilled]
   long sword         [Unskilled]
   two-handed sword   [Unskilled]
   saber              [Unskilled]
   mace               [Unskilled]
   morning star       [Unskilled]
   flail              [Unskilled]
   hammer             [Unskilled]
   quarterstaff       [Unskilled]
   polearms           [Unskilled]
   spear              [Unskilled]
   trident            [Unskilled]
   lance              [Unskilled]
   bow                [Unskilled]
   sling              [Unskilled]
   crossbow           [Unskilled]
   dart               [Basic]
   shuriken           [Unskilled]
   boomerang          [Unskilled]
   whip               [Unskilled]
   unicorn horn       [Unskilled]
 Spellcasting Skills
   divination spells  [Unskilled]
   enchantment spells [Unskilled]
   escape spells      [Unskilled]

Voluntary challenges:
 Character rerolling was not enabled.
 You were an atheist.
 You never genocided any monsters.
 You never polymorphed an object.
 You never changed form.
 You used no wishes.
Achievements:
 You entered a shop.
 You entered the Gnomish Mines.
 You attained the rank of Sightseer.

 The Dungeons of Doom: levels 1 to 5
    Level 1:
    Level 2:
       A weapon shop.
    Level 3:
       Stairs down to The Gnomish Mines.
    Level 4:
       A fountain.
    Level 5:
 The Gnomish Mines: levels 4 to 5
    Level 4:
    Level 5: <- You were here.
       Final resting place for
          you, killed by a dagger.


Vanquished creatures:
  a gnome leader
  a kitten
  a dwarf
  a coyote
  a hobgoblin
  2 giant rats
  4 gnomes
  a garter snake
  2 jackals
  2 kobolds
  a goblin
  a lichen
  2 kobold zombies
  a newt
21 creatures vanquished.

No species were genocided or became extinct.

Game over:
                       ----------
                      /          \
                     /    REST    \
                    /      IN      \
                   /     PEACE      \
                  /                  \
                  |     CyberFan     |
                  |      502 Au      |
                  |   killed by a    |
                  |      dagger      |
                  |                  |
                  |                  |
                  |       2026       |
                 *|     *  *  *      | *
        _________)/\\_//(\/(/\)/\//\/|_)_______

Aloha CyberFan the Tourist...

You died in The Gnomish Mines on dungeon level 5 with 648 points,
and 502 pieces of gold, after 1438 moves.
You were level 4 with a maximum of 34 hit points when you died.

